 Dungeon Crawl Stone Soup version 0.16-a0-3210-ge5ae1c3 (webtiles) character file.

21241 Ololoev the Destroyer (level 12, -8/81 HPs)
             Began as an Octopode Ice Elementalist on Dec 19, 2014.
             Was a High Priest of Vehumet.
             Mangled by a freezing wraith (11 damage)
             ... in an ice cave.
             The game lasted 01:10:59 (18506 turns).

Ololoev the Destroyer (Octopode Ice Elementalist)  Turns: 18506, Time: 01:10:59

Health: -8/81      AC:  7    Str:  8    XL:     12   Next: 87%
Magic:  1/26       EV: 15    Int: 22    God:    Vehumet [*****.]
Gold:   502        SH:  0    Dex: 12    Spells: 6 memorised, 7 levels left

rFire  + + +     SeeInvis .     I - +10 short sword "Tiyt Silo" {drain, rF++}
rCold  . . .     Clarity  .     (no shield)
rNeg   . . .     SustAb   .     (helmet restricted)
rPois  +         Gourm    .     (no amulet)
rElec  .         Spirit   .     j - +6 ring of protection
rCorr  .         Warding  .     k - +3 ring of slaying
rMut   .         Stasis   .     u - ring of protection from fire
MR     .....                    h - ring of invisibility
Stlth  +++.......               N - ring of poison resistance
                                (no ring)
                                (no ring)
                                (no ring)

@: slowed, very slow, not resistant to hostile enchantments, fairly stealthy
A: almost no armour, amphibious, 8 rings, constrict 8, camouflage 1, gelatinous
body 1
a: Renounce Religion, Evoke Invisibility


You were in an ice cave.
You worshipped Vehumet.
Vehumet was extremely pleased with you.
You were not hungry.

You visited 1 branch of the dungeon, and saw 13 of its levels.
You also visited: Sewer and Ice Cave.

You collected 796 gold pieces.
You spent 294 gold pieces at shops.

Notes
Turn   | Place    | Note
--------------------------------------------------------------
     0 | D:1      | Ololoev, the Octopode Ice Elementalist, began the quest for the Orb.
     0 | D:1      | Reached XP level 1. HP: 11/11 MP: 3/3
  1490 | D:1      | Reached XP level 2. HP: 17/17 MP: 4/4
  2238 | D:1      | Learned a level 2 spell: Throw Frost
  2873 | D:2      | Reached XP level 3. HP: 13/21 MP: 0/6
  3232 | D:2      | Reached XP level 4. HP: 25/27 MP: 8/8
  3401 | D:2      | Learned a level 4 spell: Throw Icicle
  3911 | D:2      | Reached XP level 5. HP: 31/31 MP: 0/11
  4011 | D:2      | Reached skill level 4 in Ice Magic
  4163 | D:3      | Found a radiant altar of Vehumet.
  4174 | D:3      | Became a worshipper of Vehumet
  4751 | D:4      | Noticed Natasha
  4798 | D:4      | Found a snail-covered altar of Cheibriados.
  4843 | D:4      | Found a bloodstained altar of Trog.
  4942 | D:3      | Acquired Vehumet's first power
  4942 | D:3      | Offered knowledge of Flame Tongue by Vehumet.
  5088 | D:4      | Reached XP level 6. HP: 29/36 MP: 5/13
  5094 | D:4      | Killed Natasha
  5285 | D:4      | Noticed Natasha
  5370 | D:4      | Killed Natasha
  5406 | D:4      | Noticed an ogre
  5411 | D:4      | Killed an ogre
  5411 | D:4      | Reached XP level 7. HP: 41/41 MP: 1/15
  5591 | D:4      | Found a staircase to the Ecumenical Temple.
  5883 | D:4      | Noticed Natasha
  5894 | D:4      | Killed Natasha
  6003 | D:4      | Reached skill level 5 in Conjurations
  6003 | D:4      | Reached skill level 5 in Ice Magic
  6088 | D:5      | Entered Level 5 of the Dungeon
  6183 | D:5      | Found a glowing drain.
  6190 | Sewer    | Entered a sewer
  6198 | Sewer    | Offered knowledge of Searing Ray by Vehumet.
  6202 | Sewer    | Learned a level 2 spell: Searing Ray
  6348 | Sewer    | Found a white marble altar of Elyvilon.
  6638 | D:5      | Found an iron altar of Okawaru.
  6698 | D:5      | Reached XP level 8. HP: 46/46 MP: 4/18
  6703 | D:5      | Offered knowledge of Mephitic Cloud by Vehumet.
  6703 | D:5      | Reached skill level 6 in Conjurations
  6712 | D:5      | Learned a level 3 spell: Mephitic Cloud
  7054 | D:5      | Reached skill level 1 in Air Magic
  7195 | D:6      | Noticed Eustachio
  7225 | D:6      | Killed Eustachio
  7225 | D:6      | Reached skill level 5 in Spellcasting
  7343 | D:6      | Found a glowing golden altar of the Shining One.
  7405 | D:6      | Acquired Vehumet's second power
  7917 | D:6      | Found Wiczequz's Distillery.
  7920 | D:6      | Bought a potion of poison for 14 gold pieces
  7920 | D:6      | Bought a potion of might for 56 gold pieces
  7920 | D:6      | Bought a potion of agility for 56 gold pieces
  7920 | D:6      | Bought a potion of brilliance for 56 gold pieces
  7920 | D:6      | Bought a potion of invisibility for 112 gold pieces
  8003 | D:6      | Reached XP level 9. HP: 43/51 MP: 13/21
  8103 | D:6      | Reached skill level 7 in Conjurations
  8857 | D:7      | Noticed Sigmund
  8870 | D:7      | Killed Sigmund
  8996 | D:7      | Noticed Crazy Yiuf
  9004 | D:7      | Killed Crazy Yiuf
  9012 | D:7      | Got a dazzling hammer
  9013 | D:7      | Identified the +6 hammer "Davym" {drain, Str+1 Dex+2 Stlth-} (You found it on level 7 of the Dungeon)
  9037 | D:7      | Offered knowledge of Sticky Flame by Vehumet.
  9170 | D:7      | Noticed Menkaure
  9176 | D:7      | Killed Menkaure
  9807 | D:8      | Reached skill level 5 in Air Magic
  9826 | D:8      | Reached XP level 10. HP: 36/56 MP: 7/24
  9861 | D:8      | Got a bloodstained short sword
  9862 | D:8      | Identified the +10 short sword "Tiyt Silo" {drain, rF++} (You found it on level 8 of the Dungeon)
  9983 | D:8      | Acquired Vehumet's third power
  9983 | D:8      | Reached skill level 8 in Conjurations
  9996 | D:8      | Reached skill level 1 in Short Blades
 10116 | D:8      | Reached skill level 1 in Fighting
 10142 | D:8      | Offered knowledge of Dazzling Spray by Vehumet.
 10302 | D:8      | Found a white marble altar of Elyvilon.
 10302 | D:8      | Found a glowing golden altar of the Shining One.
 10302 | D:8      | Found a glowing silver altar of Zin.
 11590 | D:9      | Killed an unseen horror
 12022 | D:9      | Noticed Psyche
 12027 | D:9      | Killed Psyche
 12027 | D:9      | Reached skill level 5 in Short Blades
 12439 | D:10     | Entered Level 10 of the Dungeon
 12504 | D:10     | Offered knowledge of Bolt of Fire by Vehumet.
 12616 | D:10     | Reached XP level 11. HP: 67/67 MP: 25/25
 12832 | D:10     | Reached skill level 9 in Conjurations
 13162 | D:10     | Found a staircase to the Orcish Mines.
 14082 | D:11     | Offered knowledge of Fireball by Vehumet.
 14274 | D:11     | Found a staircase to the Lair.
 14298 | D:11     | Got a faintly glowing whip
 14299 | D:11     | Identified the +3 whip "Shaghuh" {venom, +Blink rF+ MR++} (You found it on level 11 of the Dungeon)
 14659 | D:11     | Noticed a hill giant
 14669 | D:11     | Killed a hill giant
 14906 | D:11     | Reached skill level 5 in Fighting
 15059 | D:12     | Noticed a hill giant
 15065 | D:12     | Killed a hill giant
 15065 | D:12     | Reached skill level 5 in Dodging
 15225 | D:12     | Noticed Joseph
 15242 | D:12     | Killed Joseph
 15444 | D:12     | Noticed a wizard
 15449 | D:12     | Killed a wizard
 15449 | D:12     | Reached XP level 12. HP: 73/78 MP: 26/26
 15465 | D:12     | Learned a level 5 spell: Fireball
 15487 | D:12     | Reached skill level 10 in Conjurations
 15680 | D:12     | Identified Roxanne's Almanac of Mutagenic Clay
 16250 | D:12     | Reached skill level 10 in Ice Magic
 16644 | D:12     | Noticed a hill giant
 16650 | D:12     | Killed a hill giant
 16913 | D:13     | Offered knowledge of Venom Bolt by Vehumet.
 16995 | D:13     | Found a frozen archway.
 17095 | IceCv    | Entered an ice cave
 18506 | IceCv    | HP: 3/81 [freezing wraith (5)]
 18506 | IceCv    | Mangled by a freezing wraith

Inventory:

Hand weapons
 I - the +10 short sword "Tiyt Silo" (weapon) {drain, rF++}
   (You found it on level 8 of the Dungeon)

   A truly terrible weapon, it drains the life of those it strikes.
   It greatly protects you from fire.
Jewellery
 h - a ring of invisibility (on tentacle)
 j - a +6 ring of protection (left tentacle)
 k - a +3 ring of slaying (right tentacle)
 u - a ring of protection from fire (on tentacle)
 B - an uncursed amulet of stasis
 N - a ring of poison resistance (on tentacle)
Magical devices
 x - a wand of draining (0)
 H - a wand of digging (2)
 L - a wand of invisibility (4)
 R - a wand of digging (3)
Scrolls
 a - 2 scrolls of immolation
 g - a scroll of fog
 m - 5 scrolls of recharging
 s - 2 scrolls of teleportation
 t - 3 scrolls of blinking
 v - 4 scrolls of enchant armour
 y - a scroll of remove curse
 D - a scroll of torment {unknown}
 J - a scroll of brand weapon {unknown}
 M - a scroll of enchant weapon {unknown}
 P - a scroll of random uselessness {unknown}
 Q - a scroll of fear {unknown}
Potions
 e - 3 potions of curing
 f - a potion of agility
 i - a potion of might
 l - a potion of haste {unknown}
 o - 3 potions of restore abilities
 p - 2 potions of flight
 q - a potion of lignification {unknown}
 z - 2 potions of cure mutation {unknown}
 A - a potion of beneficial mutation {unknown}
 C - a potion of ambrosia {unknown}
 E - 2 potions of brilliance
 F - 2 potions of invisibility
 K - a potion of heal wounds
Books
 b - a book of Frost

   Spells                             Type                      Level
   a - Freeze                         Ice                          1
   b - Throw Frost                    Conjuration/Ice              2
   c - Ozocubu's Armour               Charms/Ice                   3
   d - Throw Icicle                   Conjuration/Ice              4
   e - Summon Ice Beast               Ice/Summoning                4
   f - Condensation Shield            Ice                          4
Comestibles
 c - 12 bread rations
 d - 9 meat rations
 w - 5 beef jerkies
 G - 5 slices of pizza

Table legend:
 A = Turns spent in this place as a percentage of turns spent in the entire game.
 B = Non-inter-level travel turns spent in this place as a percentage of non-inter-level travel turns spent in the entire game.
 C = Inter-level travel turns spent in this place as a percentage of turns spent in this place.
 D = Turns resting spent in this place as a percentage of non-inter-level travel turns spent in this place.
 E = Turns spent auto-exploring this place as a percentage of non-inter-level travel turns spent in this place.
 F = Non-inter-level travel turns spent in this place divided by the number of levels of this place that you've seen.
                   A       B       C       D       E      F
               +-------+-------+-------+-------+-------+----------------------
         Total | 100.0 | 100.0 |   0.5 |   8.9 |   8.3 | 281.4
       Dungeon |  89.3 |  89.2 |   0.5 |   8.2 |   9.1 | 289.7
         Sewer |   2.2 |   2.2 |   0.0 |   4.3 |   4.3 |  92.0
      Ice Cave |   8.6 |   8.6 |   0.0 |  16.8 |   1.4 | 363.0
               +-------+-------+-------+-------+-------+----------------------


   Skills:
 - Level 7.1 Fighting
 - Level 6.5 Short Blades
 + Level 7.5 Dodging
 - Level 2.6 Stealth
 - Level 6.8 Spellcasting
 + Level 10.9 Conjurations
 + Level 10.6 Ice Magic
 - Level 5.1 Air Magic


You had 7 spell levels left.
You knew the following spells:

 Your Spells              Type           Power        Failure   Level  Hunger
a - Freeze                Ice            ####         1%          1    None
b - Throw Frost           Conj/Ice       ######       1%          2    None
c - Throw Icicle          Conj/Ice       ######..     1%          4    ###....
d - Searing Ray           Conj           ######       1%          2    None
e - Mephitic Cloud        Conj/Pois/Air  ####....     1%          3    None
f - Fireball              Conj/Fire      ####......   8%          5    #####..


Dungeon Overview and Level Annotations

Branches:
Dungeon (13/15)            Temple (0/1) D:4            Lair (0/8) D:11
    Orc (0/4) D:10
 Vaults: D:13-14

Altars:
Cheibriados
Elyvilon
Okawaru
Trog
Vehumet
Zin
The Shining One

Shops:
D:6 !


Innate Abilities, Weirdness & Mutations

You cannot wear most types of armour.
You are amphibious.
You can wear up to eight rings at the same time.
You can use your tentacles to constrict many enemies at once.
Your skin changes colour to match your surroundings (Stealth).
Your rubbery body absorbs attacks (AC +1).


Message History

The freezing wraith is lightly damaged.
The fireball engulfs the white imp.
The white imp is burned terribly!
You kill the white imp!
Vehumet accepts your kill.
You feel your power returning.
Casting: Fireball
Confirm with . or Enter, or press ? or * to list all spells.
Aiming: Fireball
Press: ? - help, Shift-Dir - straight line, p - freezing wraith The fireball explodes!
The fireball engulfs the freezing wraith.
The freezing wraith is burned terribly!
The freezing wraith is heavily damaged.
The freezing wraith hits you! The freezing wraith freezes you!
The freezing wraith hits you! The freezing wraith drains your vigour!
You feel yourself slow down.
Casting: Fireball
Confirm with . or Enter, or press ? or * to list all spells.
Aiming: Fireball
Press: ? - help, Shift-Dir - straight line The fireball explodes!
The fireball engulfs the freezing wraith.
The freezing wraith is burned terribly!
The freezing wraith is severely damaged.
The freezing wraith hits you! The freezing wraith freezes you!
The freezing wraith closely misses you.
Unknown command.
Casting: Fireball
Confirm with . or Enter, or press ? or * to list all spells.
Aiming: Fireball
Press: ? - help, Shift-Dir - straight line The fireball explodes!
The fireball engulfs the freezing wraith.
The freezing wraith is burned terribly!
The freezing wraith is almost destroyed.
The freezing wraith misses you. The freezing wraith hits you!
The freezing wraith drains your vigour!
You feel as though you will be slow longer.
The freezing wraith hits you!
You die...

#..##
#..###........#
#...## ##..#
#.......## ##...##
#..## #......##
##...####.##
##......#
##...##..#
##..#...##
##..#..####..###.[#
#.....# #..## #..#
##...## ##..######
##### ##.@## ##
##W.# ##.. #..#
#....#..# #...##
#..## ###


You could see a freezing wraith.

Table legend:
 A = Kills in this place as a percentage of kills in entire the game.
 B = Kills by you in this place as a percentage of kills by you in the entire game.
 C = Kills by friends in this place as a percentage of kills by friends in the entire game.
 D = Other kills in this place as a percentage of other kills in the entire game.
 E = Experience gained in this place as a percentage of experience gained in the entire game.
 F = Experience gained in this place divided by the number of levels of this place that you have seen.
                   A       B       C       D       E      F
               +-------+-------+-------+-------+-------+----------------------
         Total | 100.0 | 100.0 |  -nan | 100.0 | 100.0 | 2023.0
       Dungeon |  89.4 |  89.3 |  -nan | 100.0 |  85.4 | 1994.5
         Sewer |   2.9 |   2.9 |  -nan |   0.0 |   0.4 | 130.0
      Ice Cave |   7.7 |   7.8 |  -nan |   0.0 |  14.1 | 4287.0
               +-------+-------+-------+-------+-------+----------------------

Vanquished Creatures
  An unseen horror (D:9)
  A wizard (D:12)
  4 hill giants
  A manticore (D:11)
  A cyclops (D:12)
  An ugly thing (D:12)
  Joseph (D:12)
  Psyche (D:9)
  A troll (D:12)
  9 freezing wraiths (IceCv)
  A wolf spider simulacrum (IceCv)
  A slime creature (D:12)
  5 large abominations (D:12)
  3 two-headed ogres
  A shadow (D:12)
  20 yaks
  A deep elf mage (D:10)
  A deep elf fighter (D:11)
  Eustachio (D:6)
  2 hungry ghosts
  4 hippogriffs
  A wraith (D:12)
  A soldier ant (D:13)
  A mottled dragon (D:8)
  Menkaure (D:7)
  A death yak simulacrum (IceCv)
  A swamp drake (D:10)
  21 ice beasts
  3 necrophages
  7 orc warriors
  A black bear (D:6)
  4 ogres
  An alligator simulacrum (IceCv)
  An eye of draining (D:12)
  Sigmund (D:7)
  4 centaurs
  3 big kobolds
  A wyvern zombie (D:6)
  A scorpion (D:9)
  A water moccasin zombie (D:7)
  A water moccasin skeleton (D:7)
  2 giant frogs
  6 killer bees
  9 wights (D:11)
  9 crimson imps
  2 goliath beetles
  3 centaur zombies
  A giant frog zombie (D:6)
  Crazy Yiuf (D:7)
  A quasit (D:10)
  4 hounds
  2 jellies
  A centaur skeleton (D:4)
  3 giant frog skeletons
  8 orc priests
  An iguana (D:4)
  10 worker ants
  Natasha (thrice) (D:4)
  18 orc wizards
  A wolf simulacrum (IceCv)
  2 troll simulacra (IceCv)
  4 centaur simulacra (IceCv)
  7 small abominations (D:12)
  2 worker ant zombies
  15 adders
  A naga simulacrum (IceCv)
  A gnoll (D:7)
  5 river rats
  4 worms (D:2)
  2 giant mites
  10 white imps
  6 shadow imps
  2 orc zombies
  An adder skeleton (D:10)
  7 giant geckos
  2 oozes (D:3)
  61 orcs
  8 giant cockroaches
  11 goblins
  14 hobgoblins
  8 jackals
  24 kobolds
  3 quokkas
  A ball python (D:3)
  13 bats
  2 giant newts
  2 giant spores (D:11)
  A goblin skeleton (D:6)
  2 hobgoblin zombies (D:6)
  3 kobold skeletons (D:6)
  26 rats
  4 ballistomycetes (D:11)
456 creatures vanquished.

Vanquished Creatures (others)
  An ogre (D:8)
1 creature vanquished.

Grand Total: 457 creatures vanquished

Action                   |  1- 3 |  4- 6 |  7- 9 | 10-12 || total
-------------------------+-------+-------+-------+-------++-------
Melee: Unarmed           |    58 |    25 |       |     1 ||    84
       Dagger            |       |    62 |    48 |       ||   110
       Whip              |       |       |   167 |     2 ||   169
       Short sword       |       |       |       |   338 ||   338
 Cast: Freeze            |    16 |    24 |     5 |     1 ||    46
       Throw Frost       |     2 |    31 |    38 |    23 ||    94
       Throw Icicle      |       |     4 |    39 |    85 ||   128
       Searing Ray       |       |       |    13 |    28 ||    41
       Mephitic Cloud    |       |       |    15 |    28 ||    43
       Fireball          |       |       |       |    58 ||    58
Evoke: Wand              |       |       |     1 |     2 ||     3
  Use: Scroll            |       |     1 |     8 |    10 ||    19
       Potion            |       |       |     6 |     2 ||     8
 Stab: Sleeping          |     5 |     4 |     1 |    13 ||    23
       Confused          |       |       |     2 |    12 ||    14
  Eat: Chunk             |     5 |     9 |    15 |    38 ||    67
       Beef jerky        |     1 |       |     1 |     8 ||    10
       Fruit             |     1 |       |     3 |     3 ||     7
       Pizza             |       |       |     1 |       ||     1
       Royal jelly       |       |       |       |     1 ||     1

Vault maps used:
D:1:      dpeg_arrival_erosion
D:3:      vehumet_crystals, nrook_uturn, minmay_misc_feat_five,
          grunt_ministairs_9
D:4:      kennysheep_the_goblin_king, cheibriados_altar_1,
          nicolae_overflow_hidden_temple, minmay_temple_entry_nine_rooms,
          first_bread, uniq_natasha
D:5:      okawaru_gym_becter, lightli_sewer_entry_pipes, minmay_misc_feat_cross,
          kennysheep_generic_room_2
D:6:      serial_shops, kennysheep_mini, nicolae_tso_besieged_by_evil,
          uniq_eustachio, uniq_iyjb
D:7:      serial_glass, glass_columns_b, glass_columns_a, glass_columns_b,
          glass_columns_a, glass_columns_c, uniq_sigmund,
          uniq_crazy_yiuf_cottage, uniq_menkaure
D:8:      good_gods_mini_temple, grunt_ogre_cave
D:9:      uniq_psyche
D:10:     erik_orc_1, minivault_22
D:11:     grunt_lair_entry_elf_guard_hut, grunt_ministairs_1
D:12:     minmay_diamond_stairs, laboratory, uniq_joseph
D:13:     portal_ice_cave_entry_ice_beasts, kennysheep_decorative_pillar,
          hex_large, hangedman_decor_lopped, kennysheep_small_square
Sewer:    sewer_kobolds
IceCv:    ice_cave_small_necro
